 Dungeon Crawl Stone Soup version 0.29.0-4-gdea44cf6ec (webtiles) character file.

Game seed: 3268839905746222793

23 qw the Firebug (level 3, 0/28 HPs)
             Began as a Ghoul Fire Elementalist on Aug 29, 2022.
             Slain by Natasha (2 damage)
             ... on level 2 of the Dungeon.
             The game lasted 00:01:15 (1801 turns).

qw the Firebug (Ghoul Fire Elementalist)            Turns: 1801, Time: 00:01:15

Health: 0/28       AC: 10    Str: 13    XL:     3   Next: 0%
Magic:  4/4        EV:  3    Int: 10    God:
Gold:   53         SH:  0    Dex:  9    Spells: 4/5 levels left

rFire   . . .      SeeInvis .     - Unarmed
rCold   + . .      Faith    .   (no shield)
rNeg    + + +      Spirit   .   h - +0 plate armour
rPois   inf        Reflect  .   (no helmet)
rElec   .          Harm     .   (no cloak)
rCorr   .          Rampage  .   (no gloves)
Will    .....                   (no boots)
Stlth   ..........              (no amulet)
HPRegen 0.00/turn               (no ring)
MPRegen 0.09/turn               (no ring)

@: inhibited regen
A: claws 1, cold resistance 1, negative energy resistance 3, inhibited
regeneration, torment resistance 2, devour on kill
a: no special abilities


You were on level 2 of the Dungeon.
You visited 1 branch of the dungeon, and saw 2 of its levels.

You collected 53 gold pieces.


Innate Abilities, Weirdness & Mutations

You are immune to poison.
You have sharp fingernails.
Your flesh is cold resistant. (rC+)
You are immune to negative energy. (rN+++)
You do not regenerate when monsters are visible.
You are immune to unholy pain and torment.
You thrive by killing the living.


   Skills:
 - Level 1.0 Fighting
 - Level 1.7 Dodging
 - Level 2.1 Stealth
 + Level 2.4 Unarmed Combat
 - Level 1.7 Spellcasting
 - Level 0.7 Conjurations
 - Level 2.4 Fire Magic


You had 4 spell levels left.
You knew the following spells:

 Your Spells              Type           Power      Damage    Failure   Level
a - Foxfire               Conj/Fire      16%        2x1d4     100%        1

Your spell library contained the following spells:

 Spells                   Type           Power      Damage    Failure   Level
 Scorch                   Fire           10%        2d6       100%        2
 Conjure Flame            Conj/Fire      4%         6-21      100%        3
 Inner Flame              Hex/Fire       3%         N/A       100%        3
 Flame Wave               Conj/Fire      4%         2d5       100%        4

Inventory:

Armour
 h - a +0 plate armour (worn)
Potions
 e - a potion of berserk rage {unknown}
 k - a potion of heal wounds {unknown}

Dungeon Overview and Level Annotations

Branches:
Dungeon (2/15)

Altars:

Shops:
D:1 [

Annotations:
D:2 Natasha


Message History

You scratch Natasha.
Natasha is severely wounded.
Natasha claws you but does no damage.
You miss Natasha.
Natasha is severely wounded.
Natasha claws you but does no damage.
You miss Natasha.
Natasha is severely wounded.
Natasha casts a spell.
You closely miss Natasha.
Natasha is severely wounded.
Natasha stares at you and mumbles some strange words.
The magic dart hits you!
You scratch Natasha.
Natasha is severely wounded.
The white imp gestures at you.
The puff of frost hits you but does no damage.
You resist. Natasha claws you but does no damage.
You closely miss Natasha.
Natasha is severely wounded.
The white imp hits you but does no damage.
You scratch Natasha.
Natasha is almost dead.
Natasha mumbles some strange words.
The white imp gestures at you. The puff of frost hits you. You resist.
You miss Natasha.
Natasha is almost dead.
Natasha claws you but does no damage. The white imp gestures at you.
The puff of frost hits you. You resist. The white imp gestures at you.
The puff of frost hits you but does no damage.
You scratch Natasha but do no damage.
Natasha is almost dead.
Natasha claws you but does no damage. The white imp hits you.
The white imp freezes you. You resist.
You barely miss Natasha.
Natasha is almost dead.
The white imp barely misses you. Natasha claws you.
You die...

#....)##.#
#.##.....#
#....#####
####.# # ##.#
#h#### ##..#
..?# ##...######
#h#+##.........#
#@)....##.####.#
#55....##....#.#
+...(..#####.#.#
#......# #.#.#
#..:...# #...#
#......# #####
#.###### ..# ##


You could see Natasha and 2 white imps.

Vanquished Creatures
  A dart slug (D:1)
  3 goblins
  2 hobgoblins (D:1)
  2 jackals (D:1)
  3 kobolds (D:1)
  A quokka (D:1)
  2 ball pythons (D:1)
  A bat (D:1)
  4 rats (D:1)
19 creatures vanquished.

Vanquished Creatures (others)
  8 plants (D:1)
8 creatures vanquished.

Grand Total: 27 creatures vanquished

Notes
Turn   | Place    | Note
-------+----------+-------------------------------------------
     0 | D:1      | qw the Ghoul Fire Elementalist began the quest for the Orb.
     0 | D:1      | Reached XP level 1. HP: 14/14 MP: 2/2
     0 | D:1      | 0 ||| qw: Version: 0.1-a-90-g952f4b7
     0 | D:1      | 0 ||| qw: Game counter: 4189
     0 | D:1      | 0 ||| qw: Always use a shield: true
     0 | D:1      | 0 ||| qw: God list: Okawaru
     0 | D:1      | 0 ||| qw: Allow faded altars: false
     0 | D:1      | 0 ||| qw: Do Orc after D:15 true
     0 | D:1      | 0 ||| qw: Do second Lair branch before Depths: true
     0 | D:1      | 0 ||| qw: Lair rune preference: random
     0 | D:1      | 0 ||| qw: Plans: Normal
     0 | D:1      | 0 ||| PLANNING D:1-11
   115 | D:1      | Found Kaeming's Armour Shoppe.
   124 | D:1      | 124 ||| SHOPLISTING +0 chain mail (49 gold, have 0).
   124 | D:1      | 124 ||| SHOPLISTING +0 plate armour (253 gold, have 0).
   124 | D:1      | 124 ||| SHOPLISTING +0 ring mail (44 gold, have 0).
   124 | D:1      | 124 ||| SHOPLISTING +2 pair of boots of rampaging (236
                  | gold, have 0).
   124 | D:1      | 124 ||| SHOPLISTING +4 chain mail of fire resistance (346
                  | gold, have 0).
   165 | D:1      | 165 ||| Stepping ~*~*~tactically~*~*~ (hiding).
   267 | D:1      | 267 ||| Stepping ~*~*~tactically~*~*~ (hiding).
   369 | D:1      | 369 ||| Stepping ~*~*~tactically~*~*~ (hiding).
   381 | D:1      | Reached skill level 1 in Unarmed Combat
   642 | D:1      | 642 ||| Stepping ~*~*~tactically~*~*~ (stealth).
   654 | D:1      | Reached skill level 1 in Fighting
   654 | D:1      | Reached XP level 2. HP: 6/23 MP: 3/3
   873 | D:1      | 873 ||| Stepping ~*~*~tactically~*~*~ (stealth).
   876 | D:1      | 876 ||| Stepping ~*~*~tactically~*~*~ (stealth).
   877 | D:1      | 877 ||| Stepping ~*~*~tactically~*~*~ (stealth).
   880 | D:1      | 880 ||| Stepping ~*~*~tactically~*~*~ (stealth).
   881 | D:1      | 881 ||| Stepping ~*~*~tactically~*~*~ (stealth).
   882 | D:1      | 882 ||| Stepping ~*~*~tactically~*~*~ (stealth).
   883 | D:1      | 883 ||| Stepping ~*~*~tactically~*~*~ (stealth).
   884 | D:1      | 884 ||| Stepping ~*~*~tactically~*~*~ (stealth).
   885 | D:1      | 885 ||| Stepping ~*~*~tactically~*~*~ (stealth).
   888 | D:1      | 888 ||| Stepping ~*~*~tactically~*~*~ (stealth).
   889 | D:1      | 889 ||| Stepping ~*~*~tactically~*~*~ (stealth).
   890 | D:1      | 890 ||| Stepping ~*~*~tactically~*~*~ (outnumbered).
   892 | D:1      | 892 ||| Stepping ~*~*~tactically~*~*~ (outnumbered).
   893 | D:1      | 893 ||| Stepping ~*~*~tactically~*~*~ (outnumbered).
   894 | D:1      | 894 ||| Stepping ~*~*~tactically~*~*~ (outnumbered).
   895 | D:1      | 895 ||| Stepping ~*~*~tactically~*~*~ (outnumbered).
   896 | D:1      | 896 ||| Stepping ~*~*~tactically~*~*~ (outnumbered).
   901 | D:1      | 901 ||| Stepping ~*~*~tactically~*~*~ (outnumbered).
   903 | D:1      | 903 ||| Stepping ~*~*~tactically~*~*~ (outnumbered).
   905 | D:1      | 905 ||| Stepping ~*~*~tactically~*~*~ (outnumbered).
   909 | D:1      | 909 ||| Stepping ~*~*~tactically~*~*~ (stealth).
   910 | D:1      | 910 ||| Stepping ~*~*~tactically~*~*~ (stealth).
   911 | D:1      | 911 ||| Stepping ~*~*~tactically~*~*~ (stealth).
   917 | D:1      | 917 ||| Stepping ~*~*~tactically~*~*~ (stealth).
   918 | D:1      | 918 ||| Stepping ~*~*~tactically~*~*~ (stealth).
   931 | D:1      | HP: 5/23 [kobold/+0 short sword (2)]
   958 | D:1      | 958 ||| Stepping ~*~*~tactically~*~*~ (stealth).
   959 | D:1      | 959 ||| Stepping ~*~*~tactically~*~*~ (stealth).
   960 | D:1      | 960 ||| Stepping ~*~*~tactically~*~*~ (stealth).
   981 | D:1      | 981 ||| Stepping ~*~*~tactically~*~*~ (stealth).
  1010 | D:1      | 1010 ||| Stepping ~*~*~tactically~*~*~ (stealth).
  1011 | D:1      | 1011 ||| Stepping ~*~*~tactically~*~*~ (stealth).
  1014 | D:1      | 1014 ||| Stepping ~*~*~tactically~*~*~ (stealth).
  1015 | D:1      | 1015 ||| Stepping ~*~*~tactically~*~*~ (stealth).
  1018 | D:1      | 1018 ||| Stepping ~*~*~tactically~*~*~ (stealth).
  1020 | D:1      | 1020 ||| Stepping ~*~*~tactically~*~*~ (stealth).
  1021 | D:1      | 1021 ||| Stepping ~*~*~tactically~*~*~ (stealth).
  1022 | D:1      | 1022 ||| Stepping ~*~*~tactically~*~*~ (stealth).
  1025 | D:1      | 1025 ||| Stepping ~*~*~tactically~*~*~ (stealth).
  1026 | D:1      | 1026 ||| Stepping ~*~*~tactically~*~*~ (stealth).
  1195 | D:1      | 1195 ||| Stepping ~*~*~tactically~*~*~ (stealth).
  1197 | D:1      | 1197 ||| Stepping ~*~*~tactically~*~*~ (stealth).
  1304 | D:1      | Found a faded altar of an unknown god.
  1527 | D:1      | 1527 ||| Stepping ~*~*~tactically~*~*~ (stealth).
  1687 | D:1      | 1687 ||| DROPPING scarf of invisibility.
  1688 | D:1      | 1688 ||| UPGRADING to +0 plate armour.
  1698 | D:1      | 1698 ||| DROPPING +0 robe.
  1699 | D:1      | 1699 ||| DROPPING ring of flight.
  1700 | D:1      | 1700 ||| READING scroll labelled HUFUGOEMADA.
  1701 | D:1      | 1701 ||| READING scroll labelled TULESA ECWIAZARUZ.
  1702 | D:1      | 1702 ||| READING 3 scrolls labelled IVOPOR FI BAHI.
  1703 | D:1      | 1703 ||| READING scroll labelled EVEUSM QEXOTOJ.
  1704 | D:1      | 1704 ||| DRINKING 2 fizzy green potions.
  1705 | D:1      | 1705 ||| DROPPING potion of magic.
  1706 | D:1      | 1706 ||| DROPPING 2 scrolls of fear.
  1707 | D:1      | 1707 ||| DROPPING potion of flight.
  1782 | D:2      | Noticed Natasha
  1783 | D:2      | Reached XP level 3. HP: 28/28 MP: 4/4
  1783 | D:2      | 1783 ||| Stepping ~*~*~tactically~*~*~ (stealth).
  1798 | D:2      | HP: 7/28 [white imp/puff of frost[Natasha] (3)]
  1800 | D:2      | HP: 2/28 [white imp[Natasha] (2)]
  1801 | D:2      | Slain by Natasha

Levels and vault maps discovered:
D:1:      roderic_crop_circles_arrival_small, layout_basic, serial_shops,
          nicolae_diamond_shop, ebering_ecumenical_altar_box,
          minmay_misc_feat_x, st_stairs_11, minivault_26, kennysheep_nondescript
D:2:      layout_basic, minmay_misc_feat_iff, uniq_natasha, uniq_robin

Skill      XL: |  1  2 |
---------------+-------+-----
Unarmed Combat | 1 2 |  2.4
Fighting       | 1 |  1.0
Dodging        | |  1.7
Stealth        | |  2.1
Spellcasting   | |  1.7
Conjurations   | |  0.7
Fire Magic     | |  2.4

Action                   || total
-------------------------++-------
Melee: Unarmed           ||   100
       Punch             ||     1
  Use: Scroll            ||     4
       Potion            ||     1
Armor: Robe              ||    12
       Plate armour      ||    12
Dodge: Dodged            ||    62

Table legend:
 A = Non-vault XP
 B = Vault XP
 C = Vault XP percentage of total XP
 D = Non-vault monster count
 E = Vault monster count
 F = Vault count percentage of total count
                 A         B        C        D         E       F
            +---------+---------+-------+---------+---------+-------
      Total |      23 |      11 |  32.4 |      13 |       6 |  31.6
            +---------+---------+-------+---------+---------+-------
        D:1 |      19 |      11 |  36.7 |      11 |       6 |  35.3
        D:2 |       4 |       0 |   0.0 |       2 |       0 |   0.0
            +---------+---------+-------+---------+---------+-------
